 Dungeon Crawl Stone Soup version 0.30-b1-2-g02819fbbbe (webtiles) character file.

Game seed: 4879177064944387868

16041 LLlMATKO the Fighter (level 12, -5/110 HPs)
             Began as a Minotaur Berserker on May 30, 2023.
             Was an Elder of Trog.
             Slain by a manticore (12 damage)
             ... on level 12 of the Dungeon.
             The game lasted 00:11:42 (15305 turns).

LLlMATKO the Fighter (Minotaur Berserker)          Turns: 15305, Time: 00:11:44

Health: -5/110     AC: 18    Str: 32    XL:     12   Next: 6%
Magic:  11/11      EV: 12    Int:  4    God:    Trog [****..]
Gold:   664        SH: 10    Dex: 11    Spells: 11/11 levels left

rFire   . . .        Q - +0 war axe
rCold   . . .        W - +0 kite shield
rNeg    . . .        n - +0 shadow dragon scales
rPois   .            (helmet restricted)
rElec   .            i - scarf {shadows}
rCorr   .            (no gloves)
SInv    +            x - +0 pair of boots
Will    .....        (no amulet)
Stlth   ++           j - +6 ring of strength
HPRegen 0.38/turn    t - ring of see invisible
MPRegen 0.12/turn

%: no passive effects
@: on berserk cooldown, slowed, very slow
A: horns 2, retaliatory headbutt
a: Renounce Religion, Berserk, Trog's Hand, Brothers in Arms


You were on level 12 of the Dungeon.
You worshipped Trog.
Trog was greatly pleased with you.
You visited 1 branch of the dungeon, and saw 12 of its levels.

You collected 692 gold pieces.
You spent 28 gold pieces at shops.

Inventory:

Hand Weapons
 Q - a +0 war axe (weapon)
Missiles
 b - 8 boomerangs (quivered)
 u - 5 poisoned darts
 w - a silver boomerang
 z - 13 javelins
 K - 4 atropa-tipped darts
 V - 2 curare-tipped darts
Armour
 i - a scarf of shadows (worn)
 n - +0 shadow dragon scales (worn)
 x - a +0 pair of boots (worn)
 W - a +0 kite shield (worn)
Jewellery
 j - a +6 ring of strength (left hand)
 t - a ring of see invisible (right hand)
 y - a ring of protection from fire
 D - a +6 ring of dexterity
 M - a ring of poison resistance
Wands
 r - a wand of quicksilver (13)
 I - a wand of mindburst (26)
 N - a wand of flame (17)
 R - a wand of charming (10)
 U - a wand of iceblast (9)
Scrolls
 g - 2 scrolls of amnesia
 h - 3 scrolls of fog {unknown}
 k - a scroll of acquirement {unknown}
 m - 2 scrolls of immolation {unknown}
 o - 2 scrolls of teleportation {unknown}
 q - 11 scrolls of identify
 v - 3 scrolls of vulnerability {unknown}
 A - 4 scrolls of magic mapping {unknown}
 B - 2 scrolls of enchant weapon {unknown}
 G - 2 scrolls of enchant armour {unknown}
 L - 2 scrolls of blinking {unknown}
 O - 4 scrolls of noise {unknown}
 S - a scroll of poison {unknown}
 T - 2 scrolls of silence {unknown}
Potions
 a - a potion of heal wounds {unknown}
 c - 4 potions of might {unknown}
 d - 3 potions of brilliance
 e - 2 potions of lignification {unknown}
 f - 4 potions of curing {unknown}
 p - 3 potions of haste
 s - 2 potions of attraction {unknown}
 C - 2 potions of magic {unknown}
 E - a potion of resistance {unknown}
 F - 3 potions of invisibility {unknown}
 H - a potion of mutation {unknown}
 P - 4 potions of degeneration {unknown}


   Skills:
 + Level 11.4 Fighting
 + Level 11.4 Axes
 + Level 11.1 Armour
 + Level 10.2 Dodging
 + Level 9.9 Shields


You had 11 spell levels left.
You didn't know any spells.
Your spell library was empty.

Dungeon Overview and Level Annotations

Branches:
Dungeon (12/15)            Temple (0/1) D:4            Lair (0/5) D:8
    Orc (0/2) D:9

Altars:
Ashenzari
Fedhas
Kikubaaqudgha
Nemelex Xobeh
Xom
Zin

Shops:
D:2 (   D:4 ?   D:10 *(   D:11 =?(

Annotations:
D:12 Rupert


Innate Abilities, Weirdness & Mutations

You have a pair of horns on your head.
You reflexively headbutt those who attack you in melee.


Message History

Rupert is almost dead.
You slash the manticore!
You hit the boulder beetle but do no damage.
You slash the centaur!
You kill the centaur!
Trog accepts your kill.
You are no longer berserk.
You are exhausted.
You feel yourself slow down. You block Rupert's attack. x2
The manticore bites you. The manticore claws you.
You block the manticore's attack.
The boulder beetle leaps!
Unknown command.
You slice Rupert!!
Rupert is almost dead.
You hit the orc but do no damage. You hit the orc.
You barely miss the manticore.
Rupert hits you with a +2 great sword of protection!!
* * * LOW HITPOINT WARNING * * *
You block the orc's attack. You block the manticore's attack. x2
The manticore claws you but does no damage.
You block the orc's attack.
Rupert hits you with a +2 great sword of protection!
* * * LOW HITPOINT WARNING * * *
Unknown command.
As you read the scroll labelled DUJOMIGAKO, it crumbles to dust.
It is a scroll of amnesia.
You feel forgetful for a moment. You block Rupert's attack.
You block the orc's attack.
The manticore bites you but does no damage.
The manticore closely misses you. The manticore barely misses you.
The orc hits you but does no damage. You block Rupert's attack.
Unknown command.
As you read the scroll labelled LAEW PEQIEL, it crumbles to dust.
Your body is wracked with pain!
* * * LOW HITPOINT WARNING * * *
Rupert convulses!
The manticore convulses!
The orc convulses! x2
The boulder beetle convulses!
The orc wizard convulses!
The orc convulses!
It was a scroll of torment.
Rupert completely misses you. You block the orc's attack.
The manticore bites you!
You die...

........##.####..
....###.##.###...
............#.#..##....
.......................
............))...##..#.
................###..##
.....oBo.............#
....)oHo......#..#....
#@@.......#........
##†................
#.................
##.............###
#...............#
#...##..###....##
#...##### ###### #.<##
....


You could see Rupert (berserk), a boulder beetle, a manticore, an orc wizard and
3 orcs.

Vanquished Creatures
  Erolcha (D:9)
  3 two-headed ogres
  Urug (D:10)
  The ghost of Alarkh the Martial Artist, a novice DsWr of Uskayaw (D:7)
  A manticore (D:10)
  2 gargoyles
  An unseen horror (D:12)
  A hornet (D:9)
  Grinder (D:6)
  The ghost of dxctxrx the Sneak, an amateur VSBr (D:3)
  A shadow (D:9)
  The ghost of vianneychevalier the Covered, an amateur MiFi of Hepliaklqana (D:3)
  2 wyverns
  2 wraiths (D:10)
  A basilisk (D:12)
  23 yaks
  3 vampire mosquitoes (D:12)
  2 steam dragons
  Edmund (D:6)
  The ghost of VincentAMV the Trooper, an amateur GrFi (D:3)
  An acid dragon (D:9)
  4 water moccasins
  Duvessa (D:6)
  5 orc warriors
  3 sky beasts
  3 ice beasts
  A black bear (D:5)
  4 ogres
  10 centaurs
  2 phantoms (D:6)
  4 gnoll sergeants
  2 kobold brigands
  4 bullfrogs
  2 scorpions
  4 wights (D:8)
  Dowan (D:6)
  4 howler monkeys
  6 electric eels (D:7)
  An orc priest (D:9)
  3 hounds
  3 jellies
  4 sleepcaps
  2 gnoll boudas
  4 iguanas
  15 orc wizards
  Robin (D:3)
  25 gnolls
  7 adders
  A shadow imp (D:6)
  2 white imps
  2 dart slugs
  34 orcs
  6 ball pythons
  7 endoplasms
  11 giant cockroaches
  18 goblins
  9 hobgoblins
  2 jackals (D:2)
  3 quokkas
  11 bats
  5 frilled lizards
  8 kobolds
  10 rats
305 creatures vanquished.

Vanquished Creatures (collateral kills)
  The ghost of NimIero the Ruffian, an amateur DrBe of Trog (D:3)
  An ogre (D:7)
  The ghost of NimIero the Magician, an amateur AtHW (D:3)
3 creatures vanquished.

Vanquished Creatures (others)
  An orc wizard (D:12)
  4 plants (D:7)
5 creatures vanquished.

Grand Total: 313 creatures vanquished

Notes
Turn   | Place    | Note
-------+----------+-------------------------------------------
     0 | D:1      | LLlMATKO the Minotaur Berserker began the quest for the
                  | Orb.
     0 | D:1      | Reached XP level 1. HP: 19/19 MP: 0/0
   168 | D:1      | Reached XP level 2. HP: 27/27 MP: 1/1
  1460 | D:2      | Reached XP level 3. HP: 28/33 MP: 2/2
  1549 | D:2      | Reached ** piety under Trog
  1863 | D:2      | Found Gexoi's Weapon Shop.
  2480 | D:3      | Reached XP level 4. HP: 41/41 MP: 3/3
  2548 | D:3      | Noticed an ogre
  2559 | D:3      | Killed an ogre
  2560 | D:3      | Reached XP level 5. HP: 47/47 MP: 4/4
  2607 | D:3      | Found a runed translucent gate.
  2608 | D:3      | Found a runed translucent gate.
  2608 | D:3      | Found a runed translucent gate.
  2610 | D:3      | Noticed dxctxrx's ghost (amateur VSBr)
  2611 | D:3      | Noticed NimIero's ghost (amateur AtHW)
  2611 | D:3      | Noticed VincentAMV's ghost (amateur GrFi)
  2611 | D:3      | Noticed NimIero's ghost (amateur DrBe)
  2612 | D:3      | Noticed vianneychevalier's ghost (amateur MiFi)
  2720 | D:3      | Found a faded altar of an unknown god.
  2793 | D:3      | Noticed Robin
  2805 | D:3      | Killed Robin
  2881 | D:3      | Reached *** piety under Trog
  2934 | D:3      | Reached skill level 5 in Axes
  2942 | D:3      | Reached skill level 5 in Fighting
  2999 | D:3      | Found a shimmering altar of Xom.
  3382 | D:4      | Reached XP level 6. HP: 56/56 MP: 5/5
  3419 | D:4      | Found The Oracle's Delphic Readings.
  3585 | D:4      | Found a staircase to the Ecumenical Temple.
  3739 | D:4      | Reached **** piety under Trog
  4061 | D:5      | Entered Level 5 of the Dungeon
  4072 | D:5      | Reached XP level 7. HP: 62/62 MP: 6/6
  4090 | D:5      | Reached skill level 5 in Armour
  4116 | D:5      | Reached skill level 1 in Shields
  4168 | D:5      | Found a broken altar of Ashenzari.
  4543 | D:5      | Reached skill level 5 in Dodging
  4839 | D:5      | Reached XP level 8. HP: 71/71 MP: 7/7
  5160 | D:6      | Found a blossoming altar of Fedhas.
  5335 | D:6      | Noticed Grinder
  5343 | D:6      | Paralysed by Grinder for 3 turns
  5349 | D:6      | Killed Grinder
  5423 | D:6      | Reached XP level 9. HP: 68/79 MP: 8/8
  5467 | D:6      | Noticed Duvessa
  5470 | D:6      | Noticed Dowan
  5476 | D:6      | Killed Duvessa
  5479 | D:6      | Killed Dowan
  5480 | D:6      | Reached skill level 5 in Shields
  5733 | D:6      | Noticed Edmund
  5753 | D:6      | Killed Edmund
  5900 | D:6      | Found a sparkling altar of Nemelex Xobeh.
  6641 | D:7      | Found a runed translucent gate.
  6642 | D:7      | Found a runed translucent gate.
  6643 | D:7      | Found a runed translucent gate.
  6644 | D:7      | Noticed Alarkh's ghost (novice DsWr)
  6784 | D:7      | Identified the +1 short sword "Tioff" {vamp, Int+3 Dex+2}
  7319 | D:7      | Reached XP level 10. HP: 27/90 MP: 9/9
  7769 | D:7      | Killed Alarkh's ghost
  8099 | D:8      | Noticed a two-headed ogre
  8111 | D:8      | Killed a two-headed ogre
  8447 | D:8      | Noticed a gargoyle
  8462 | D:8      | Killed a gargoyle
  9167 | D:8      | Found a staircase to the Lair.
  9289 | D:8      | Found an ancient bone altar of Kikubaaqudgha.
  9550 | D:8      | Reached skill level 10 in Fighting
  9634 | D:8      | Reached skill level 10 in Axes
 10088 | D:8      | Found an ancient bone altar of Kikubaaqudgha.
 10125 | D:8      | Found a staircase to the Lair.
 10785 | D:9      | Reached XP level 11. HP: 69/99 MP: 10/10
 10956 | D:9      | Noticed Erolcha
 10965 | D:9      | Killed Erolcha
 11176 | D:9      | Paralysed by a hornet for 2 turns
 11184 | D:9      | Reached skill level 10 in Armour
 11427 | D:9      | Found a staircase to the Orcish Mines.
 11912 | D:3      | Killed VincentAMV's ghost
 11912 | D:3      | Killed dxctxrx's ghost
 11914 | D:3      | Killed NimIero's ghost
 11916 | D:3      | Killed vianneychevalier's ghost
 11918 | D:3      | Killed NimIero's ghost
 12128 | D:10     | Entered Level 10 of the Dungeon
 12128 | D:10     | Found Eckas's General Store.
 12650 | D:10     | Found Lonon's Weapon Shop.
 12794 | D:10     | Noticed Urug
 12808 | D:10     | Killed Urug
 13365 | D:11     | Found Qiov Sab's Weapon Boutique.
 13386 | D:11     | Found Alauci's Magic Scroll Emporium.
 13389 | D:11     | Bought a scroll of identify for 28 gold pieces
 13422 | D:11     | Noticed a two-headed ogre
 13431 | D:11     | Killed a two-headed ogre
 13813 | D:11     | Found Lyxkior's Jewellery Boutique.
 13966 | D:11     | Reached skill level 10 in Dodging
 14494 | D:11     | Found Qiov Sab's Weapon Boutique.
 14547 | D:11     | Found Alauci's Magic Scroll Emporium.
 14758 | D:11     | Found Lyxkior's Jewellery Boutique.
 15216 | D:12     | Found a glowing silver altar of Zin.
 15237 | D:12     | Identified the +3 morningstar "Namovis" {vamp, rC- Str+2
                  | Int+3}
 15278 | D:12     | Noticed Rupert
 15278 | D:12     | Noticed a two-headed ogre
 15289 | D:12     | Noticed a boulder beetle
 15297 | D:12     | Reached XP level 12. HP: 109/110 MP: 11/11
 15297 | D:12     | Killed a two-headed ogre
 15305 | D:12     | Slain by a manticore

Illustrated notes

Levels and vault maps discovered:
D:1:      ebering_hopf_link, layout_loops_ring
D:2:      layout_basic, serial_shops, shop, wad_floor_pattern_untrapped,
          minivault_27
D:3:      minmay_roachtagon, layout_loops_corners, xom_teletrap_fun,
          hellmonk_ecumenical_altar_zigzags, gammafunk_ghost_cemetery,
          minmay_ogre_servants, uniq_robin
D:4:      layout_cave_pools, minmay_temple_entry_statues_pillars,
          nicolae_nh_oracle_at_delphi
D:5:      layout_basic, evilmike_ruin_ashenzari
D:6:      layout_rooms, general_overflow_altar, nicolae_overflow_hidden_temple,
          uniq_grinder, uniq_edmund, uniq_duvessa
D:7:      cheibrodos_two_vegetables, layout_basic, ebering_ghost_rock_garden,
          minmay_checkerbox
D:8:      layout_loops_corners, lemuel_tele_altar, lair_entry_dummy
D:9:      layout_loops_ring, orc_0_dummy, grunt_decor_fettered, uniq_erolcha
D:10:     layout_basic, serial_shops, nicolae_shop_real_fake_doors,
          nicolae_stop_n_shop_2, uniq_urug
D:11:     layout_basic, serial_shops, shop, nicolae_shop_tiny_real_fake_doors,
          chequers_serial_rivers_large_b, grunt_ministairs_13,
          kennysheep_small_circle
D:12:     layout_cave_pools, drop_trap, zin_treasury, uniq_rupert

Skill      XL: |  1  2  3  4  5  6  7  8  9 10 11 |
---------------+----------------------------------+-----
Axes           | 4 5 6 7 8 10 11 | 11.4
Fighting       | 4 5 6 7 8 10 11 | 11.4
Armour         | 3 4 5 7 8 9 11 | 11.1
Dodging        | 3 4 5 6 7 8 10 | 10.2
Shields        | 2 4 6 8 9 |  9.9

Action                     |  1- 3 |  4- 6 |  7- 9 | 10-12 || total
---------------------------+-------+-------+-------+-------++-------
  Melee: Hand axe          |    80 |   112 |   217 |       ||   409
         Headbutt          |    11 |    18 |    55 |    83 ||   167
         War axe           |       |       |    47 |   374 ||   421
  Throw: Boomerang         |       |     1 |    19 |    11 ||    31
 Invoke: Berserk           |       |     2 |     8 |     7 ||    17
         Trog's Hand       |       |       |     1 |     3 ||     4
         Brothers in Arms  |       |       |     1 |     2 ||     3
    Use: Scroll            |       |       |       |     2 ||     2
   Stab: Sleeping          |     5 |     6 |     1 |     1 ||    13
         Distracted        |     1 |     1 |       |       ||     2
 Armour: Animal skin       |    11 |       |       |       ||    11
         Shadow dragon sca |    29 |    72 |   124 |   134 ||   359
  Dodge: Dodged            |    42 |    63 |   132 |   162 ||   399
  Block: Buckler           |       |       |    44 |    80 ||   124
         Kite shield       |       |       |       |    44 ||    44
